 Dungeon Crawl Stone Soup version 0.30.0-17-ge0270778cf (webtiles) character file.

Game seed: 4093229963154916551

1475 GloriousHammer the Sneak (level 9, -8/49 HPs)
             Began as a Kobold Enchanter on May 23, 2023.
             Mangled by Pikel
             ... wielding a +1 whip of electrocution
              (11 damage)
             ... on level 5 of the Dungeon.
             The game lasted 00:18:30 (6849 turns).

GloriousHammer the Sneak (Kobold Enchanter)         Turns: 6849, Time: 00:18:31

Health: -8/49      AC:  6    Str:  5    XL:     9   Next: 6%
Magic:  16/16      EV: 16    Int: 17    God:
Gold:   276        SH:  0    Dex: 25    Spells: 6/18 levels left

rFire   . . .        a - +3 dagger (venom)
rCold   + . .        (no shield)
rNeg    . . .        n - +1 leather armour {rC+}
rPois   .            (no helmet)
rElec   .            x - +0 cloak
rCorr   .            f - +0 pair of gloves
SInv    .            (no boots)
Will    .....        (no amulet)
Stlth   +++++        D - +6 ring of dexterity
HPRegen 0.28/turn    (no ring)
MPRegen 0.15/turn

%: no passive effects
@: no status effects
A: small, no large weapons, nightstalker 3
a: no special abilities


You were on level 5 of the Dungeon.
You visited 1 branch of the dungeon, and saw 5 of its levels.

You collected 408 gold pieces.
You spent 132 gold pieces at shops.

Inventory:

Hand Weapons
 a - a +3 dagger of venom (weapon)
 u - a +2 short sword of venom
 v - a +0 club
Missiles
 i - 26 poisoned darts (quivered)
Armour
 f - a +0 pair of gloves (worn)
 n - a +1 leather armour of cold resistance (worn)
 x - a +0 cloak (worn)
Jewellery
 D - a +6 ring of dexterity (left hand)
Wands
 k - a wand of polymorph (6)
 l - a wand of flame (13)
 m - a wand of digging (7)
Scrolls
 b - a scroll of fear
 d - a scroll of vulnerability
 e - 3 scrolls of teleportation
 h - 2 scrolls of immolation
 j - a scroll of enchant armour
 o - 2 scrolls of magic mapping
 y - a scroll of silence {unknown}
 I - 3 scrolls of identify
Potions
 c - a potion of invisibility
 g - a potion of attraction
 p - a potion of curing
 q - 2 potions of heal wounds
 r - 2 potions of brilliance {unknown}
 s - a potion of haste {unknown}
 t - 2 potions of resistance {unknown}
 w - a potion of flight {unknown}


   Skills:
 + Level 2.8 Fighting
 + Level 6.1 Short Blades
 + Level 4.1 Dodging
 + Level 7.3 Stealth
 + Level 5.2 Spellcasting
 + Level 5.8 Hexes
 + Level 2.3 Summonings


You had 6 spell levels left.
You knew the following spells:

 Your Spells              Type           Power      Damage    Failure   Level
a - Confusing Touch       Hex            24%        N/A       6%          3
b - Tukima's Dance        Hex            24%        N/A       6%          3
c - Dazzling Flash        Conj/Hex       28%        N/A       22%         3
d - Summon Guardian Gole  Hex/Summ       18%        N/A       13%         3

Your spell library contained the following spells:

 Spells                   Type           Power      Damage    Failure   Level
 Summon Small Mammal      Summ           48%        N/A       9%          1
 Ensorcelled Hibernation  Hex/Ice        28%        N/A       11%         2
 Apportation              Tloc           8%         N/A       24%         1
 Call Canine Familiar     Summ           12%        N/A       26%         3
 Alistair's Intoxication  Tmut/Pois      2%         N/A       100%        5


Dungeon Overview and Level Annotations

Branches:
Dungeon (5/15)
 Temple: D:4-7

Altars:
Gozag
Nemelex Xobeh
Qazlal

Shops:
D:3 ?

Annotations:
D:3 1 runed translucent door, NateTC's ghost, amateur GrFi
D:4 exclusion: downstairs
D:5 Pikel


Innate Abilities, Weirdness & Mutations

You are small and have problems with some larger weapons.
You are completely attuned to the shadows.


Message History

Your Fighting skill increases to level 2!
Magic restored.
HP restored.
A sleepcap comes into view.
A sleepcap is nearby!
You hit the sleepcap.
The sleepcap is lightly damaged.
You hit the sleepcap.
The sleepcap is moderately damaged.
The sleepcap barely misses you.
You hit the sleepcap. You punch the sleepcap.
The sleepcap is moderately damaged.
The sleepcap releases spores at you.
You are engulfed in a cloud of soporific spores!
You fall asleep.
The sleepcap releases spores at you but does no damage.
The sleepcap barely misses you. The sleepcap releases spores at you.
You wake up.
You are engulfed in a cloud of soporific spores!
You are unaffected.
You hit the sleepcap.
The sleepcap is poisoned.
The sleepcap is heavily damaged.
You hit the sleepcap.
The sleepcap is heavily damaged.
The sleepcap closely misses you.
You hit the sleepcap.
The sleepcap is severely damaged.
The sleepcap releases spores at you.
You are engulfed in a cloud of soporific spores!
You are unaffected.
You hit the sleepcap but do no damage.
The sleepcap looks as sick as possible!
The sleepcap is severely damaged.
The sleepcap completely misses you.
You hit the sleepcap.
You destroy the sleepcap!
I - 2 scrolls of identify (gained 1);
i - 2 scrolls of identify
I - 21 poisoned darts (quivered)
Found a stone staircase leading down.
t - 2 inky potions (gained 1)
e - 3 scrolls of teleportation (gained 1)
You now have 241 gold pieces (gained 11).
You open the door.
There is an open door here.
An orc comes into view.
It is wielding a +1 short sword of protection.
The helpless orc fails to defend itself.
You perforate the orc like a sieve!!!
You kill the orc!
You see here a +1 short sword of protection.
There is an open door here.
You open the door.
There is an open door here.
An adder comes into view.
An adder is nearby!
The helpless adder fails to defend itself.
You perforate the adder like a sieve!!!
You kill the adder!
There is an open door here.
You open the door.
There is an open door here.
I - 26 poisoned darts (gained 5)
Found an emerald potion.
The lemure shouts!
You hit the lemure but do no damage.
The lemure is poisoned.
You hear a shout! x2
The lemure hits you but does no damage.
You hit the lemure.
The lemure looks as sick as possible!
The lemure is lightly wounded.
You hit the lemure but do no damage.
The lemure is moderately wounded.
The lemure hits you! The lemure attacks as you move away!
The lemure barely misses you.
You kill the lemure!
That felt strangely unrewarding.
You start resting.
HP restored.
You start waiting.
Done waiting.
w - an emerald potion Sigmund the Dreaded comes into view.
He is wielding a +0 scythe.
Found a stone staircase leading up.
Found a cloak.
Found a stone staircase leading down.
The helpless Sigmund fails to defend himself.
You perforate Sigmund like a sieve!!!
You kill Sigmund!
Your Spellcasting skill increases to level 5!
Things that are here:
a +0 scythe; a +0 robe You see here a +0 cloak.
You start putting on your armour.
You continue putting on your +0 cloak. x4
You finish putting on your +0 cloak.
An ogre comes into view. It is wielding a +0 giant club.
There is an open door here.
The helpless ogre fails to defend itself.
You skewer the ogre like a kebab!!!!
You kill the ogre!
Your Stealth skill increases to level 7!
Your Summonings skill increases to level 2!
Things that are here:
a +0 giant club; an ogre corpse
Found a stormy altar of Qazlal.
You now have 256 gold pieces (gained 15).
An ogre comes into view. It is wielding a +0 giant spiked club.
The ogre shouts!
You hit the ogre.
The ogre is poisoned.
The ogre is lightly wounded.
You hear a shout!
You hit the ogre.
The ogre looks as sick as possible!
The ogre is moderately wounded.
An ufetubus comes into view.
The ogre hits you with a +0 giant spiked club!!
The ufetubus shouts!
There is an open door here.
You kill the ogre!
Your Short Blades skill increases to level 6!
Your Dodging skill increases to level 4!
You closely miss the ufetubus. The ufetubus barely misses you.
The ufetubus closely misses you.
You hit the ufetubus but do no damage.
The ufetubus hits you but does no damage.
The ufetubus closely misses you.
You closely miss the ufetubus.
The ufetubus hits you but does no damage. x2
You hit the ufetubus.
The ufetubus is poisoned.
The ufetubus is heavily wounded.
The ufetubus completely misses you. x2
You hit the ufetubus.
You kill the ufetubus!
A shadow imp comes into view.
The shadow imp shouts!
You hit the shadow imp.
The shadow imp is heavily wounded.
The shadow imp closely misses you.
You hit the shadow imp.
The shadow imp is severely wounded.
The shadow imp misses you.
You barely miss the shadow imp. Your punch misses the shadow imp.
The shadow imp is severely wounded.
The shadow imp hits you but does no damage.
You hit the shadow imp.
The shadow imp is severely wounded.
You hit the shadow imp.
You kill the shadow imp!
HP restored.
You now have 276 gold pieces (gained 20).
Found a leather armour.
i - 3 scrolls of identify (gained 1);
I - 3 scrolls of identify
i - 26 poisoned darts (quivered)
h - 2 scrolls of immolation (gained 1)
y - a scroll labelled XUHOPO YQUEME Menkaure, Prince of Dust comes into view.
The helpless Menkaure fails to defend himself.
You perforate Menkaure like a sieve!!!
You destroy Menkaure!
You have reached level 9!
Your experience leads to an increase in your attributes!
Your base attributes are Str 5, Int 17, Dex 17.
Increase (S)trength, (I)ntelligence, or (D)exterity?
You feel agile. x2
A lemure is nearby!
The lemure shouts!
You hit the lemure.
The lemure is poisoned.
The lemure is lightly wounded.
You hit the lemure.
The lemure looks as sick as possible!
The lemure is moderately wounded.
The lemure misses you.
You hit the lemure.
The lemure looks as sick as possible!
The lemure is heavily wounded.
The lemure closely misses you.
You closely miss the lemure.
The lemure is severely wounded.
The lemure attacks as you move away! The lemure misses you.
The lemure attacks as you move away! The lemure barely misses you.
You kill the lemure!
That felt strangely unrewarding.
You catch the helpless Pikel completely off-guard!
You impale Pikel!! Your punch misses Pikel.
Pikel is severely wounded.
Pikel hits you with a +1 whip of electrocution.
You are electrocuted!!
You puncture Pikel!
Pikel is almost dead.
Pikel misses you.
You hit Pikel but do no damage.
Pikel is poisoned.
Pikel is almost dead.
Pikel barely misses you.
You hit Pikel but do no damage.
Pikel looks as sick as possible!
Pikel is almost dead.
You hit Pikel but do no damage.
Pikel is almost dead.
Pikel misses you. Pikel attacks as you move away!
Pikel hits you with a +1 whip of electrocution!
You barely miss Pikel.
Pikel is almost dead.
Pikel hits you with a +1 whip of electrocution.
You are electrocuted!
* * * LOW HITPOINT WARNING * * *
Pikel attacks as you move away!
Pikel hits you with a +1 whip of electrocution!
You die...

'....#........#.................#
#....#........#.................#
#....#........#.................#
#....#........#.................#
#....#........#.................#
# #..... #.................# #
.... #.................# # #'###
#######....########
..###...####.@.###....#### #
............K..#.........# .
...............#.........#....
..................#.........#....
..................#.........#....
..................#.........#....
..................#.........'....
............... #.........#....
....####..###. ##...##..####..


You could see Pikel (very poisoned).

Vanquished Creatures
  Prince Ribbit (D:5)
  Sigmund (D:5)
  Menkaure (D:5)
  A sky beast (D:4)
  An ice beast (D:5)
  3 ogres
  4 lemures
  A kobold brigand (D:4)
  A scorpion (D:4)
  A jelly (D:4)
  An orc priest (D:3)
  A hound (D:3)
  A sleepcap (D:5)
  4 orc wizards
  Ijyb (D:3)
  An iguana (D:4)
  5 adders
  2 gnolls (D:4)
  A shadow imp (D:5)
  An ufetubus (D:5)
  2 worms
  3 dart slugs
  9 orcs
  5 bats
  7 endoplasms
  3 giant cockroaches
  2 hobgoblins (D:3)
  27 kobolds
  A quokka (D:3)
  6 ball pythons
  4 frilled lizards
  5 goblins
  7 rats
114 creatures vanquished.

Vanquished Creatures (collateral kills)
  A gnoll (D:4)
  2 orcs
3 creatures vanquished.

Vanquished Creatures (others)
  6 dancing weapons
  A ball python (D:1)
7 creatures vanquished.

Grand Total: 124 creatures vanquished

Notes
Turn   | Place    | Note
-------+----------+-------------------------------------------
     0 | D:1      | GloriousHammer the Kobold Enchanter began the quest for the
                  | Orb.
     0 | D:1      | Reached XP level 1. HP: 10/10 MP: 3/3
   523 | D:1      | Reached XP level 2. HP: 15/15 MP: 5/5
  1154 | D:2      | Reached XP level 3. HP: 19/19 MP: 6/6
  1505 | D:2      | Found a faded altar of an unknown god.
  1957 | D:3      | Reached skill level 5 in Stealth
  1957 | D:3      | Reached XP level 4. HP: 24/24 MP: 6/8
  1992 | D:3      | Found a sparkling altar of Nemelex Xobeh.
  2056 | D:3      | Noticed Ijyb
  2062 | D:3      | Killed Ijyb
  2080 | D:3      | Learned a level 3 spell: Confusing Touch
  2084 | D:3      | Learned a level 3 spell: Tukima's Dance
  2100 | D:3      | Found a runed translucent door.
  2105 | D:3      | Noticed NateTC's ghost (amateur GrFi)
  2295 | D:3      | Reached XP level 5. HP: 28/28 MP: 9/9
  2317 | D:3      | Noticed an ogre
  2324 | D:3      | Killed an ogre
  2325 | D:3      | Reached skill level 6 in Stealth
  2337 | D:3      | Reached XP level 6. HP: 10/32 MP: 4/11
  2693 | D:3      | Found an opulent altar of Gozag.
  3220 | D:3      | Found Deimeudd's Magic Scroll Emporium.
  3227 | D:3      | Bought a scroll of identify for 22 gold pieces
  3227 | D:3      | Bought a scroll of fear for 44 gold pieces
  3227 | D:3      | Bought a scroll of identify for 22 gold pieces
  3231 | D:3      | Bought a scroll of identify for 22 gold pieces
  3231 | D:3      | Bought a scroll of identify for 22 gold pieces
  4132 | D:4      | Reached XP level 7. HP: 18/36 MP: 4/13
  4432 | D:4      | Learned a level 3 spell: Dazzling Flash
  4436 | D:4      | Learned a level 3 spell: Summon Guardian Golem
  4614 | D:4      | Reached skill level 5 in Hexes
  4832 | D:4      | Reached skill level 5 in Short Blades
  5344 | D:5      | Entered Level 5 of the Dungeon
  5347 | D:5      | Noticed Pikel
  5545 | D:4      | Reached skill level 1 in Fighting
  5887 | D:5      | Noticed Prince Ribbit
  5905 | D:5      | Killed Prince Ribbit
  5906 | D:5      | Reached skill level 1 in Summonings
  5906 | D:5      | Reached XP level 8. HP: 17/44 MP: 11/15
  6595 | D:5      | Noticed Sigmund
  6598 | D:5      | Killed Sigmund
  6599 | D:5      | Reached skill level 5 in Spellcasting
  6614 | D:5      | Reached skill level 7 in Stealth
  6622 | D:5      | Found a stormy altar of Qazlal.
  6820 | D:5      | Noticed Menkaure
  6824 | D:5      | Killed Menkaure
  6825 | D:5      | Reached XP level 9. HP: 49/49 MP: 16/16
  6849 | D:5      | Mangled by Pikel

Illustrated notes

Levels and vault maps discovered:
D:1:      dpeg_arrival_boxorama, layout_basic, lemuel_flame_loot_1
D:2:      layout_loops_ring, hellmonk_ecumenical_altar_crossroads,
          chequers_serial_rivers_micro_d, hangedman_decor_clover_reticule,
          chequers_jeans, kennysheep_generic_room_14
D:3:      layout_loops_corners, nicolae_gozag_cash_rules_everything_around_me,
          mainiacjoe_overflow_boulevard, serial_shops, nicolae_shop_trees,
          hellmonk_ghost_happy_afterlife, serial_bayou_crossing, uniq_ijyb
D:4:      kennysheep_kobold_camp, layout_basic, dk_noncrumbling_3,
          hangedman_decor_slide_cut, minmay_misc_feat_ornament
D:5:      layout_gridville, overflow_temple_1_default, uniq_sigmund,
          uniq_menkaure, uniq_pikel, uniq_prince_ribbit1

Skill      XL: |  1  2  3  4  5  6  7  8 |
---------------+-------------------------+-----
Short Blades   | 2 3 4 5 6 |  6.1
Stealth        | 5 6 7 |  7.3
Spellcasting   | 3 4 5 |  5.2
Hexes          | 4 5 |  5.8
Fighting       | 1 2 |  2.8
Dodging        | 3 4 |  4.1
Summonings     | 1 2 |  2.3

Action                     |  1- 3 |  4- 6 |  7- 9 || total
---------------------------+-------+-------+-------++-------
  Melee: Dagger            |    65 |   109 |   145 ||   319
         Punch             |       |     1 |     1 ||     2
   Cast: Confusing Touch   |       |     3 |     4 ||     7
         Tukima's Dance    |       |     8 |     4 ||    12
  Evoke: Wand              |       |     2 |       ||     2
    Use: Potion            |       |     2 |       ||     2
         Scroll            |       |     9 |     1 ||    10
   Stab: Sleeping          |    28 |    12 |    12 ||    52
         Distracted        |       |     3 |     2 ||     5
         Confused          |       |     1 |     2 ||     3
 Armour: Robe              |     9 |     1 |       ||    10
         Leather armour    |       |    30 |    21 ||    51
  Dodge: Dodged            |    50 |    61 |    76 ||   187
